 Dungeon Crawl Stone Soup version 0.30-a0-782-ge64f9170bb (webtiles) character file.

Game seed: 13639859534529629817

55209 Mgcat the Protected (level 14, 0/129 HPs)
             Began as an Armataur Fighter on Mar 10, 2023.
             Was a High Priest of Makhleb.
             Slain by a skyshark (1 damage)
             ... on level 3 of the Lair of Beasts on Mar 15, 2023.
             The game lasted 00:23:15 (13721 turns).

Mgcat the Protected (Armataur Fighter)             Turns: 13721, Time: 00:23:15

Health: 0/129      AC: 20    Str: 31    XL:     14   Next: 37%
Magic:  20/20      EV:  6    Int:  8    God:    Makhleb [*****.]
Gold:   743        SH:  7    Dex: 12    Spells: 13/13 levels left

rFire   . . .      SeeInvis .    a - +1 war axe (heavy)
rCold   + . .      Faith    .    c - +0 buckler
rNeg    . . .      Spirit   .    A - +0 plate armour
rPois   .          Reflect  .    t - +2 helmet
rElec   .          Harm     .    H - +0 cloak {rC+}
rCorr   .          Roll     +    N - +0 pair of gloves
Will    ++...                    (no barding) Stlth
                                 l - amulet of regeneration {+regen, !d}
HPRegen 1.21/turn                k - +6 ring of strength
MPRegen 0.17/turn                b - ring of willpower

@: no status effects
A: large, rugged brown scales 3, deformed body, armoured tail, roll, long
tongue, awkward tongue
a: Renounce Religion, Minor Destruction, Lesser Servant of Makhleb, Major
Destruction, Greater Servant of Makhleb


You were on level 3 of the Lair of Beasts.
You worshipped Makhleb.
Makhleb was extremely pleased with you.
You visited 3 branches of the dungeon, and saw 17 of its levels.
You also visited: Ice Cave.

You collected 743 gold pieces.

Inventory:

Hand Weapons
 a - a +1 heavy war axe (weapon)
 d - a +0 broad axe
   (You took it off an orc warrior on level 9 of the Dungeon)
Missiles
 j - 2 throwing nets {=f, !d}
Armour
 c - a +0 buckler (worn)
 t - a +2 helmet (worn)
   (You found it on level 4 of the Dungeon)
 A - a +0 plate armour (worn)
   (You found it on level 5 of the Dungeon)
 H - a +0 cloak of cold resistance (worn)
   (You found it in an ice cave)
 N - a +0 pair of gloves (worn)
   (You found it on level 2 of the Lair of Beasts)
Jewellery
 b - a ring of willpower (right hand)
   (You took it off an orc on level 7 of the Dungeon)
 k - a +6 ring of strength (left hand)
   (You found it on level 1 of the Dungeon)
 l - an amulet of regeneration (around neck) {+regen, !d}
   (You found it on level 8 of the Dungeon)
 y - a ring of protection from cold {rC+, !d}
   (You found it in an ice cave)
 E - a ring of protection from fire {rF+, !d}
   (You found it on level 11 of the Dungeon)
Wands
 o - a wand of mindburst (27)
   (You found it on level 6 of the Dungeon)
 s - a wand of charming (5)
   (You found it on level 10 of the Dungeon)
 x - a wand of light (7)
   (You found it on level 9 of the Dungeon)
 z - a wand of iceblast (6)
   (You found it on level 13 of the Dungeon)
 C - a wand of polymorph (16)
   (You found it on level 5 of the Dungeon)
 G - a wand of flame (10)
   (You found it on level 7 of the Dungeon)
Scrolls
 e - a scroll of amnesia
 m - 3 scrolls of teleportation
 r - 6 scrolls of fear
 v - 2 scrolls of immolation {!r}
 w - 3 scrolls of fog
 B - 2 scrolls of torment {!r}
 F - 2 scrolls of magic mapping {!r}
 J - a scroll of identify
 L - a scroll of silence
 M - a scroll of blinking {!r}
 Q - a scroll of poison {!r}
Potions
 g - 6 potions of curing
 h - 2 potions of heal wounds
 i - 2 potions of degeneration {!q}
 n - 4 potions of brilliance
 p - a potion of haste
 u - 3 potions of mutation {!q}
 D - 2 potions of flight
 I - 3 potions of lignification {!q}
 K - a potion of cancellation
 O - a potion of resistance
 P - a potion of invisibility
Miscellaneous
 f - a box of beasts
   (You found it on level 11 of the Dungeon)
 q - a piece from Xom's chessboard (15/15)
   (You found it on level 1 of the Lair of Beasts)


   Skills:
 + Level 10.1 Fighting
 * Level 12.7 Axes
 + Level 12.9 Armour
 + Level 11.9 Shields
 + Level 9.0 Invocations


You had 13 spell levels left.
You didn't know any spells.
Your spell library contained the following spells:

 Spells                   Type           Power      Damage    Failure   Level
 Freeze                   Ice            0%         1d3       96%         1
 Kiss of Death            Conj/Necr      0%         2d5       96%         1
 Sandblast                Erth           0%         2d4       96%         1
 Passwall                 Tmut/Erth      0%         N/A       99%         2
 Sublimation of Blood     Necr           0%         N/A       99%         2
 Wereblood                Tmut           0%         N/A       99%         2
 Confusing Touch          Hex            0%         N/A       100%        3
 Frozen Ramparts          Ice            0%         1d1       100%        3
 Hailstorm                Conj/Ice       0%         3d3       100%        3
 Stone Arrow              Conj/Erth      0%         3d7       100%        3
 Dispel Undead            Necr           0%         3d6       100%        4
 Summon Hydra             Summ           0%         N/A       100%        7


Dungeon Overview and Level Annotations

Branches:
Dungeon (13/15)            Temple (1/1) D:6            Lair (3/5) D:11
  Swamp (0/4) Lair:3        Snake (0/4) Lair:3        IceCv (visited)
    Orc: D:9-12      Vaults: D:13-14

Altars:
Ashenzari
Cheibriados
Dithmenos
Elyvilon
Fedhas
Gozag
Hepliaklqana
Kikubaaqudgha
Makhleb
Nemelex Xobeh
Okawaru
Qazlal
Ru
Sif Muna
Trog
Uskayaw
Vehumet
Wu Jian
Xom
Yredelemnul
Zin
The Shining One

Shops:
D:8 (


Innate Abilities, Weirdness & Mutations

You are completely covered in rugged brown scales. (AC +3, +7% HP)
Armour fits poorly on your strangely shaped body.
You have a long armoured tail.
You roll when moving toward enemies. (Rampage)
Your long tongue fully drains potion bottles. (2x potion effects)
Your tongue gives you trouble enunciating. (1.5x scroll delay)


Message History

You take 6 damage, and have 103/129 hp.
You hit the yak. You tail-slap the yak.
The yak is almost dead.
You block the yak's attack.
You slice the yak!!
You kill the yak!
Makhleb accepts your kill.
You feel better.
You regained 7 hp, and now have 111/129 hp.
No target in view!
No target in view!
A bullfrog comes into view.
You regained 12 hp, and now have 123/129 hp.
A bullfrog is nearby!
Things that are here:
a yak corpse; a blink frog corpse You slice the bullfrog!!
You kill the bullfrog!
Makhleb accepts your kill.
You feel better.
You regained 4 hp, and now have 128/129 hp.
No target in view!
m - 3 scrolls of teleportation (gained 1)
Things that are here:
a yak corpse; a black mamba corpse
Things that are here:
a yak corpse; a blink frog corpse
J - 4 scrolls of identify (gained 1)
Q - a scroll labelled CUKHLIO MUZO Health restored: 129 As you slowly read the scroll of identify, it crumbles to dust.
Q - a scroll of poison As you slowly read the scroll of identify, it crumbles to dust.
K - a potion of cancellation As you slowly read the scroll of identify, it crumbles to dust.
O - a potion of resistance
Found a stone staircase leading down.
v - 2 scrolls of immolation {!r} (gained 1)
Found a stone staircase leading down.
There is a stone staircase leading down here.
w - 3 scrolls of fog (gained 1)
Found an escape hatch in the floor.
A skyshark comes into view.
You roll towards the skyshark!
You barely miss the skyshark. The skyshark bites you!
The skyshark tastes blood and grows stronger!
You block the skyshark's attack. The skyshark bites you.
The skyshark enters a blood-rage!
The skyshark tail-slaps you.
You take 12 damage, and have 117/129 hp.
You barely miss the skyshark. The skyshark bites you.
You block the skyshark's attack.
The skyshark bites you but does no damage.
The skyshark tail-slaps you but does no damage.
The skyshark barely misses you. You block the skyshark's attack.
You take 4 damage, and have 113/129 hp.
You slash the skyshark!
Your tail-slap misses the skyshark.
The skyshark is lightly wounded.
The skyshark bites you! The skyshark closely misses you.
You block the skyshark's attack. The skyshark tail-slaps you!
The skyshark bites you but does no damage.
The skyshark tail-slaps you!
You take 25 damage, and have 88/129 hp.
You are too injured to fight recklessly!
You are too injured to fight recklessly!
You are too injured to fight recklessly!
You are too injured to fight recklessly!
You are too injured to fight recklessly!
You slash the skyshark!
The skyshark is moderately wounded.
The skyshark closely misses you.
The skyshark tail-slaps you but does no damage.
The skyshark barely misses you. x3
The skyshark tail-slaps you but does no damage.
You closely miss the skyshark.
You tail-slap the skyshark, but do no damage.
The skyshark is moderately wounded.
The skyshark bites you. You block the skyshark's attack. x2
The skyshark tail-slaps you but does no damage.
You take 2 damage, and have 87/129 hp.
You slice the skyshark!!
Your tail-slap misses the skyshark.
The skyshark is severely wounded.
The skyshark bites you! The skyshark tail-slaps you! The skyshark bites you!!
The skyshark tail-slaps you. The skyshark bites you!!
* * * LOW HITPOINT WARNING * * *
You block the skyshark's attack.
You take 54 damage, and have 33/129 hp.
MASSIVE DAMAGE!!
You hit the skyshark but do no damage.
The skyshark is severely wounded.
You block the skyshark's attack. The skyshark tail-slaps you.
* * * LOW HITPOINT WARNING * * *
The skyshark barely misses you. You block the skyshark's attack.
The skyshark bites you but does no damage.
The skyshark tail-slaps you!
* * * LOW HITPOINT WARNING * * *
You take 11 damage, and have 22/129 hp.
A demon appears!
The skyshark bites you!!
* * * LOW HITPOINT WARNING * * *
The skyshark tail-slaps you but does no damage.
The skyshark bites you.
You die...

##....##..##................P#
.............................#
............................##
.......................>....#
#...........<...............##
#..##.##+.##.................#
#..##.##.##........####.##..##
#...#.....#...........#.##..#
#..#............@l.#........#
#...#..............#........##
....#.....#......3#.....##...#
#..##.....##.......#...#.#..##
#..#####P###......######....##
#..###.#####.................#
.............................#
............................##
#.P#####P..#..##.####..#.##.#


You could see a skyshark (berserk, ally target) and a friendly ynoxinul
(summoned).

Vanquished Creatures
  2 hydras
  Erica (D:9)
  2 two-headed ogres
  2 boulder beetles
  4 death yaks (Lair:1)
  A bog body (IceCv)
  An orange crystal statue (D:10)
  Pikel (D:5)
  An ugly thing (D:12)
  A necromancer (IceCv)
  2 cyclopes
  A manticore (D:11)
  2 ice statues (IceCv)
  5 black mambas (Lair:3)
  9 cane toads
  A rime drake (Lair:2)
  Maggie (D:9)
  6 komodo dragons
  6 ice devils (IceCv)
  5 anaconda simulacra (IceCv)
  A troll (D:10)
  2 polar bears
  Grinder (D:6)
  A hornet (D:9)
  Prince Ribbit (D:9)
  11 blink frogs
  A vampire (D:11)
  4 wyverns
  A basilisk (Lair:2)
  A wraith (D:11)
  32 yaks
  A dire elephant simulacrum (IceCv)
  A steam dragon (D:9)
  5 vampire mosquitoes
  4 harpy simulacra (IceCv)
  A death yak simulacrum (IceCv)
  Edmund (D:6)
  Duvessa (D:5)
  8 water moccasins
  An acid dragon (D:11)
  A sky beast (D:8)
  A black bear (D:6)
  3 orc warriors
  An ice beast (D:7)
  26 wolves
  2 centaurs
  2 lemures
  A phantom (D:5)
  3 bullfrogs
  A gnoll sergeant (D:9)
  A necrophage (D:7)
  Blork the orc (D:6)
  8 scorpions
  2 two-headed ogre simulacra (IceCv)
  15 wights
  Dowan (D:5)
  6 killer bees (D:10)
  3 electric eels
  9 howler monkeys
  7 jellies
  3 hounds
  8 orc priests
  Crazy Yiuf (D:3)
  An iguana (D:5)
  2 gnoll boudas
  15 orc wizards
  A wolf simulacrum (IceCv)
  18 gnolls
  6 adders
  A shadow imp (D:5)
  13 white imps
  2 ufetubi
  4 worms
  6 dart slugs
  25 orcs
  10 ball pythons
  6 endoplasms
  4 giant cockroaches
  4 goblins
  12 hobgoblins
  7 kobolds
  7 quokkas
  5 bats
  3 frilled lizards
  7 rats
398 creatures vanquished.

Vanquished Creatures (collateral kills)
  An ice devil (IceCv)
1 creature vanquished.

Vanquished Creatures (others)
  8 fungi
  37 plants
45 creatures vanquished.

Grand Total: 444 creatures vanquished

Notes
Turn   | Place    | Note
-------+----------+-------------------------------------------
     0 | D:1      | Mgcat the Armataur Fighter began the quest for the Orb.
     0 | D:1      | Reached XP level 1. HP: 19/19 MP: 1/1
   206 | D:1      | Reached XP level 2. HP: 26/26 MP: 2/2
   234 | D:1      | Reached skill level 2 in Axes
   330 | D:1      | Reached skill level 4 in Armour
   343 | D:1      | Reached XP level 3. HP: 32/32 MP: 3/3
   391 | D:1      | Reached skill level 3 in Fighting
   780 | D:2      | Reached XP level 4. HP: 36/40 MP: 4/4
   841 | D:2      | Identified the +4 short sword of the Five Beasts {flame,
                  | Fly rF+ Dex+3}
   935 | D:2      | Reached skill level 4 in Shields
  1207 | D:2      | Reached skill level 3 in Axes
  1207 | D:2      | Reached XP level 5. HP: 48/48 MP: 5/5
  1761 | D:3      | Found a runed translucent door.
  1762 | D:3      | Noticed Crazy Yiuf
  1768 | D:3      | Killed Crazy Yiuf
  2224 | D:4      | Reached skill level 5 in Armour
  2224 | D:4      | Reached XP level 6. HP: 50/55 MP: 6/6
  2520 | D:4      | Found a shadowy altar of Dithmenos.
  2849 | D:5      | Entered Level 5 of the Dungeon
  3057 | D:5      | Noticed Pikel
  3228 | D:5      | Reached skill level 4 in Axes
  3339 | D:5      | Reached skill level 4 in Fighting
  3339 | D:5      | Reached XP level 7. HP: 58/63 MP: 7/7
  3437 | D:5      | Reached skill level 5 in Shields
  3456 | D:5      | Noticed Duvessa
  3472 | D:5      | Noticed Dowan
  3476 | D:5      | Killed Duvessa
  3479 | D:5      | Killed Dowan
  3606 | D:5      | Reached skill level 6 in Armour
  3714 | D:5      | Reached skill level 5 in Axes
  3802 | D:5      | Killed Pikel
  3803 | D:5      | Reached skill level 5 in Fighting
  3803 | D:5      | Reached skill level 6 in Shields
  3803 | D:5      | Reached XP level 8. HP: 61/72 MP: 8/8
  4027 | D:6      | Reached skill level 6 in Axes
  4027 | D:6      | Reached skill level 7 in Armour
  4027 | D:6      | Noticed Blork the orc
  4032 | D:6      | Noticed Grinder
  4039 | D:6      | Killed Blork the orc
  4040 | D:6      | Paralysed by Grinder for 4 turns
  4056 | D:6      | Killed Grinder
  4161 | D:6      | Reached XP level 9. HP: 68/79 MP: 9/9
  4283 | D:6      | Found a staircase to the Ecumenical Temple.
  4298 | Temple   | Entered the Ecumenical Temple
  4483 | Temple   | Became a worshipper of Makhleb the Destroyer
  4971 | D:6      | Noticed Edmund
  4994 | D:6      | Killed Edmund
  4995 | D:6      | Reached skill level 7 in Shields
  5006 | D:6      | Reached skill level 1 in Invocations
  5400 | D:7      | Reached skill level 7 in Axes
  5474 | D:7      | Reached skill level 6 in Fighting
  5474 | D:7      | Reached skill level 8 in Armour
  5641 | D:7      | Reached skill level 2 in Invocations
  6071 | D:7      | Reached * piety under Makhleb
  6317 | D:8      | Reached XP level 10. HP: 89/89 MP: 12/12
  6509 | D:8      | Found Ameu's Weapon Shoppe.
  6538 | D:8      | Reached skill level 3 in Invocations
  6946 | D:9      | Reached skill level 8 in Axes
  6955 | D:9      | Paralysed by a hornet for 1 turns
  7184 | D:9      | Reached skill level 8 in Shields
  7368 | D:9      | Reached ** piety under Makhleb
  7370 | D:9      | Reached skill level 9 in Armour
  7374 | D:9      | Reached skill level 4 in Invocations
  7473 | D:9      | Found a blossoming altar of Fedhas.
  7510 | D:9      | Noticed Prince Ribbit
  7514 | D:9      | Killed Prince Ribbit
  7548 | D:9      | Noticed Maggie
  7555 | D:9      | Reached skill level 7 in Fighting
  7558 | D:9      | Killed Maggie
  7559 | D:9      | Reached skill level 8 in Fighting
  7559 | D:9      | Reached skill level 10 in Axes
  7559 | D:9      | Reached skill level 10 in Armour
  7559 | D:9      | Reached skill level 9 in Shields
  7559 | D:9      | Reached skill level 6 in Invocations
  7559 | D:9      | Reached XP level 11. HP: 67/101 MP: 13/15
  7559 | D:9      | Reached XP level 12. HP: 73/110 MP: 13/16
  7826 | D:9      | Noticed Erica
  7832 | D:9      | Killed Erica
  7833 | D:9      | Reached skill level 10 in Shields
  7951 | D:10     | Entered Level 10 of the Dungeon
  7982 | D:10     | You fall into a shaft and drop 3 floors!
  7991 | D:13     | Noticed an eight-headed hydra
  7994 | D:13     | Reached skill level 11 in Armour
  8000 | D:13     | Noticed a boulder beetle
  8003 | D:13     | HP: 26/110 [boulder beetle (2)]
  8129 | D:12     | Noticed a two-headed ogre
  8138 | D:12     | Killed a two-headed ogre
  8139 | D:12     | Reached XP level 13. HP: 70/115 MP: 16/18
  8188 | D:11     | Found a frozen archway.
  8207 | D:11     | Reached skill level 11 in Axes
  8396 | D:10     | Reached *** piety under Makhleb
  8510 | IceCv    | Entered an ice cave
  8547 | IceCv    | Reached skill level 7 in Invocations
  8606 | IceCv    | HP: 19/117 [ice devil (15)]
  8606 | IceCv    | HP: 2/117 [ice statue/bolt of cold (17)]
  8851 | IceCv    | Reached skill level 9 in Fighting
  9133 | IceCv    | HP: 28/114 [bog body (14)]
  9133 | IceCv    | HP: 2/114 [bog body (26)]
  9329 | D:11     | Found a staircase to the Lair.
  9335 | D:11     | Reached **** piety under Makhleb
 10239 | D:10     | Found a white marble altar of Elyvilon.
 10829 | Lair:1   | Entered Level 1 of the Lair of Beasts
 10841 | Lair:1   | Reached skill level 12 in Armour
 10841 | Lair:1   | Reached skill level 11 in Shields
 10859 | Lair:1   | HP: 17/118 [death yak (14)]
 10862 | Lair:1   | Reached skill level 8 in Invocations
 11047 | Lair:1   | Reached skill level 12 in Axes
 11249 | Lair:1   | HP: 29/118 [poisoned by a cane toad]
 11254 | Lair:1   | HP: 27/118 [poisoned by a cane toad]
 12065 | Lair:2   | Found a burning altar of Makhleb.
 12081 | Lair:2   | Reached XP level 14. HP: 92/127 MP: 20/20
 12988 | Lair:3   | Found a staircase to the Snake Pit.
 13002 | Lair:3   | Reached ***** piety under Makhleb
 13099 | Lair:3   | Reached skill level 10 in Fighting
 13378 | Lair:3   | Reached skill level 9 in Invocations
 13382 | Lair:3   | Found a staircase to the Swamp.
 13720 | Lair:3   | HP: 31/129 [skyshark (4)]
 13721 | Lair:3   | HP: 1/129 [skyshark (18)]
 13721 | Lair:3   | Slain by a skyshark

Illustrated notes

Levels and vault maps discovered:
D:1:      eino_arrival_tree_alley, layout_basic, minmay_misc_feat_doors
D:2:      layout_rooms
D:3:      minmay_octagon_keep, layout_basic, uniq_crazy_yiuf_cottage,
          uniq_sigmund
D:4:      layout_loops_ring, mainiacjoe_overflow_boulevard, minmay_mini_jars
D:5:      layout_cave_pools, dreamdust_princess_bridge, uniq_pikel, uniq_duvessa
D:6:      layout_loops_ring, minmay_temple_entry_sparse_star, minivault_24,
          skrybe_limestone_x, hangedman_decor_clover_reticule, uniq_grinder,
          uniq_edmund, uniq_blork_the_orc
D:7:      layout_basic
D:8:      layout_gridville, serial_shops, nicolae_shop_crystal
D:9:      layout_stronghold, old_standard_altar, uniq_erica, uniq_maggie,
          uniq_prince_ribbit1
D:10:     layout_irregular_city, lemuel_tele_altar, minmay_statue_bubble
D:11:     layout_basic, david_lair_shrubbed, portal_ice_cave_entry_imps,
          item_on_display_a
D:12:     layout_irregular_city, erik_orc_2, uniq_urug, uniq_psyche, uniq_sonja
D:13:     layout_gridville, david_vaults_2, enter_trove_2, doesnt_xom_only_xom,
          uniq_kirke
Temple:   nicolae_temple_bog_church
Lair:1:   layout_regular_city, nicolae_quartered_pool_impasse,
          grunt_megastairs_3, serial_bayou_shore_a, serial_bayou_shore_b
Lair:2:   layout_chaotic_city, basic_altar, grunt_megastairs_1
Lair:3:   layout_regular_city, swamp_mist_pool,
          minmay_snake_entry_six_corridors, infiniplex_staircase_pool_2

Skill      XL: |  1  2  3  4  5  6  7  8  9 10 11 12 13 14 |
---------------+-------------------------------------------+-----
Axes           | 2 3 4 5 6 7 10 12 | 12.7
Armour         | 4 5 6 7 8 10 11 12 | 12.9
Fighting       | 3 4 5 6 8 9 10 | 10.1
Shields        | 4 6 7 9 10 11 | 11.9
Invocations    | 2 6 8 9 |  9.0

Action                     |  1- 3 |  4- 6 |  7- 9 | 10-12 | 13-15 || total
---------------------------+-------+-------+-------+-------+-------++-------
  Melee: War axe           |    79 |   191 |   263 |   127 |   465 ||  1125
         Tailslap          |     6 |    15 |    40 |    24 |    87 ||   172
 Invoke: Lesser Servant of |       |       |       |       |     4 ||     4
         Major Destruction |       |       |       |       |    10 ||    10
         Minor Destruction |       |       |       |       |     1 ||     1
  Evoke: Wand              |       |       |       |       |     1 ||     1
    Use: Potion            |       |     1 |     5 |     3 |     5 ||    14
         Scroll            |       |       |    18 |     2 |    10 ||    30
   Stab: Invisible         |       |       |     1 |     1 |     1 ||     3
 Armour: Scale mail        |    39 |    92 |       |       |       ||   131
         Plate armour      |       |    19 |   170 |    96 |   389 ||   674
  Dodge: Dodged            |    35 |    67 |    56 |    43 |   179 ||   380
  Block: Buckler           |    14 |    50 |    69 |    48 |   198 ||   379

Table legend: (Time is in decaauts)
 A = Elapsed time spent in this place.
 B = Non-inter-level travel time spent in this place.
 C = Inter-level travel time spent in this place.
 D = Time resting spent in this place.
 E = Time spent auto-exploring this place.
 F = Levels seen in this place.
 G = Mean time per level.
                   A        B        C        D        E       F      G
               +--------+--------+--------+--------+--------+-----+--------+
         Total |  14169 |  13590 |    579 |   1868 |   8890 |  18 |  787.2 |
       Dungeon |  10221 |   9714 |    507 |   1009 |   6659 |  13 |  786.2 |
        Temple |    206 |    170 |     36 |      0 |    142 |   1 |  206.0 |
          Lair |   2973 |   2937 |     36 |    566 |   1854 |   3 |  991.0 |
      Ice Cave |    767 |    767 |      0 |    293 |    235 |   1 |  767.0 |
               +--------+--------+--------+--------+--------+-----+--------+

Top non-repeatable levels by time:
  Lair:1: 1331 daAuts
     D:4: 1291 daAuts
     D:9: 1135 daAuts
     D:6: 1089 daAuts
    D:10: 1016 daAuts
    D:11: 994 daAuts
     D:5: 973 daAuts
  Lair:3: 824 daAuts
     D:7: 818 daAuts
  Lair:2: 817 daAuts
   IceCv: 767 daAuts
     D:8: 746 daAuts
     D:1: 743 daAuts
     D:2: 630 daAuts
     D:3: 575 daAuts

Table legend:
 A = Kills in this place as a percentage of kills in entire the game.
 B = Kills by you in this place as a percentage of kills by you in the entire game.
 C = Kills by friends in this place as a percentage of kills by friends in the entire game.
 D = Other kills in this place as a percentage of other kills in the entire game.
 E = Experience gained in this place as a percentage of experience gained in the entire game.
 F = Experience gained in this place divided by the number of levels of this place that you have seen.
                   A       B       C       D       E      F
               +-------+-------+-------+-------+-------+----------------------
         Total | 100.0 | 100.0 | 100.0 |   N/A | 100.0 | 2994.9
       Dungeon |  68.8 |  68.9 |   0.0 |   N/A |  37.8 | 1567.2
          Lair |  24.9 |  25.0 |   0.0 |   N/A |  48.3 | 8684.0
      Ice Cave |   6.3 |   6.1 | 100.0 |   N/A |  13.9 | 7483.0
               +-------+-------+-------+-------+-------+----------------------
